 Dungeon Crawl Stone Soup version 0.31-a0-1576-ga3383bade6 (webtiles) character file.

Game seed: 908248782897696294

2 Illumlnatl the Vexing (level 1, -2/10 HPs)
             Began as a Vampire Enchanter on Jan 4, 2024.
             Slain by a quokka (3 damage)
             ... on level 2 of the Dungeon.
             The game lasted 00:01:07 (99 turns).

Illumlnatl the Vexing (Vampire Enchanter)             Turns: 99, Time: 00:01:08

Health: -2/10      AC:  2    Str:  7    XL:     1   Next: 25%
Magic:  3/3        EV: 12    Int: 17    God:
Gold:   0          SH:  0    Dex: 14    Spells: 4/4 levels left

rFire   . . .        a - +1 dagger
rCold   + + .        (no shield)
rNeg    + + +        b - +0 robe
rPois   ∞            (no helmet)
rElec   .            (no cloak)
rCorr   .            (no gloves)
SInv    +            (no boots)
Will    .....        (no amulet)
Stlth   +++++        (no ring)
HPRegen 0.00/turn    (no ring)
MPRegen 0.08/turn

%: no passive effects
@: bloodless, inhibited regen
A: bloodless, fangs 3, see invisible, vampiric 1
a: Revivify


You were on level 2 of the Dungeon.
You visited 1 branch of the dungeon, and saw 2 of its levels.

Inventory:

Hand Weapons
 a - a +1 dagger (weapon)
Armour
 b - a +0 robe (worn)
 d - a +0 scale mail
Scrolls
 e - a scroll of identify {unknown}
Potions
 c - 2 potions of invisibility


   Skills:
 + Level 1.1 Short Blades
 + Level 2.2 Dodging
 + Level 4.4 Stealth
 + Level 2.0 Spellcasting
 + Level 4.5 Hexes


You had 4 spell levels left.
You didn't know any spells.
Your spell library contained the following spells:

 Spells                   Type           Power      Damage    Failure   Level
 Confusing Touch          Hex            17%        N/A       9%          3
 Tukima's Dance           Hex            17%        N/A       9%          3
 Ensorcelled Hibernation  Hex/Ice        18%        N/A       12%         2
 Dazzling Flash           Conj/Hex       18%        N/A       22%         3


Dungeon Overview and Level Annotations

Branches:
Dungeon (2/15)

Altars:


Innate Abilities, Weirdness & Mutations

You do not regenerate when monsters are visible.
You are frail without blood (-20% HP).
You can heal yourself when you bite living creatures.
You are immune to poison.
You have razor-sharp teeth.
You have supernaturally acute eyesight. (SInv)
You are afflicted with vampirism.


Message History

You hit the rat.
You kill the rat!
Found a scroll labelled NUTREA JELI.
The kobold throws a stone.
The stone hits you but does no damage.
Found 3 stones.
You hit the kobold but do no damage. The kobold completely misses you.
You hit the kobold.
You kill the kobold!
Things that are here:
a +2 dagger of venom; 4 stones
Found a stone staircase leading up.
e - a scroll labelled NUTREA JELI A quokka comes into view.
The quokka moves out of view.
Found 4 stones.
Found a spear.
A ball python comes into view.
Found a robe.
The helpless ball python fails to defend itself.
You bite the ball python, and draw its blood!
You impale the ball python!!
You kill the ball python!
A quokka is nearby!
You see here 4 stones.
The quokka twitches its whiskers.
The quokka closely misses you.
You hit the quokka but do no damage. The quokka barely misses you.
You miss the quokka. Your bite misses the quokka. The quokka bites you.
You closely miss the quokka. The quokka bites you.
You closely miss the quokka. The quokka closely misses you.
You closely miss the quokka. The quokka bites you.
* * * LOW HITPOINT WARNING * * *
The quokka bites you.
* * * LOW HITPOINT WARNING * * *
You hit the quokka but do no damage. Your bite misses the quokka.
The quokka closely misses you.
You hit the quokka.
The quokka is moderately wounded.
The quokka bites you.
You die...

## .#### ..##.## ### #.#
.. ###...########## #.#
#
......r@.......###.#####
##############...(......
#######.<## #.... #..##
#..... .......#
###.##### #..


You could see a quokka.

Vanquished Creatures
  A ball python (D:2)
  A kobold (D:2)
  A rat (D:2)
3 creatures vanquished.

Notes
Turn   | Place    | Note
-------+----------+-------------------------------------------
     0 | D:1      | Illumlnatl the Vampire Enchanter began the quest for the
                  | Orb.
     0 | D:1      | Reached XP level 1. HP: 13/13 MP: 3/3
    99 | D:2      | Slain by a quokka

Illustrated notes

Levels and vault maps discovered:
D:1:      shiori_arrival_whats_in_store_for_you, layout_loops_cross
D:2:      layout_rooms, serial_glass, glass_columns_a, glass_columns_a

Action                     || total
---------------------------++-------
  Melee: Dagger            ||    11
Ability: Exsanguinate      ||     1
   Stab: Sleeping          ||     1
 Armour: Robe              ||     6
  Dodge: Dodged            ||     6

Table legend: (Time is in decaauts)
 A = Elapsed time spent in this place.
 B = Non-inter-level travel time spent in this place.
 C = Inter-level travel time spent in this place.
 D = Time resting spent in this place.
 E = Time spent auto-exploring this place.
 F = Levels seen in this place.
 G = Mean time per level.
                   A        B        C        D        E       F      G
               +--------+--------+--------+--------+--------+-----+--------+
         Total |     97 |     78 |     19 |      0 |     13 |   2 |   48.5 |
       Dungeon |     97 |     78 |     19 |      0 |     13 |   2 |   48.5 |
               +--------+--------+--------+--------+--------+-----+--------+

Top non-repeatable levels by time:
     D:2: 64 daAuts
     D:1: 33 daAuts
